 Dungeon Crawl Stone Soup version 0.16-a0-3467-gfe061fe (webtiles) character file.

3236 NewYearsCrawler the Cleaver (level 10, 0/70 HPs)
             Began as a Formicid Fighter on Jan 2, 2015.
             Was a Believer of Okawaru.
             Killed from afar by Dowan (25 damage)
             ... with a shard of ice
             ... on level 7 of the Dungeon.
             The game lasted 00:11:46 (6937 turns).

NewYearsCrawler the Cleaver (Formicid Fighter)      Turns: 6937, Time: 00:11:46

Health: 0/70       AC: 12    Str: 24    XL:     10   Next: 18%
Magic:  13/13      EV:  6    Int:  8    God:    Okawaru [**....]
Gold:   307        SH: 12    Dex: 12    Spells: 0 memorised, 9 levels left

rFire  . . .     SeeInvis +     f - +0 battleaxe
rCold  . . .     Clarity  .     l - +0 plate armour
rNeg   . . .     SustAb   .     c - +0 shield
rPois  .         Gourm    .     (helmet unavailable)
rElec  .         Spirit   .     (no cloak)
rCorr  .         Warding  .     (no gloves)
rMut   .         Stasis   +     t - +0 pair of boots
MR     +....                    (no amulet)
Stlth  ..........               (no ring)
                                y - +2 ring of dexterity

@: somewhat resistant to hostile enchantments, extremely unstealthy
A: permanent stasis, dig shafts and tunnels, four strong arms, antennae 3
a: Dig, Shaft Self, Heroism, Renounce Religion


You were on level 7 of the Dungeon.
You worshipped Okawaru.
Okawaru was pleased with you.
You were not hungry.

You visited 2 branches of the dungeon, and saw 8 of its levels.

You collected 307 gold pieces.

Inventory:

Hand weapons
 a - a +0 war axe
 f - a +0 battleaxe (weapon)
Missiles
 u - 3 silver tomahawks (quivered)
Armour
 c - a +0 shield (worn)
 l - a +0 plate armour (worn)
 t - a +0 pair of boots (worn)
Jewellery
 o - an uncursed amulet of resist mutation
 y - a +2 ring of dexterity (left hand)
Scrolls
 e - a scroll of amnesia {unknown}
 g - 8 scrolls of identify {unknown}
 j - a scroll of fear {unknown}
 k - a scroll of blinking {unknown}
 n - 6 scrolls of immolation {unknown}
 p - a scroll of fog {unknown}
 q - 3 scrolls of noise {unknown}
 v - 4 scrolls of teleportation {unknown}
Potions
 h - 2 potions of heal wounds
 s - a potion of invisibility
Books
 m - a book of Party Tricks

   Spells                             Type                      Level
   a - Summon Butterflies             Summoning                    1
   b - Apportation                    Translocation                1
   c - Tukima's Dance                 Hexes                        3
   d - Alistair's Intoxication        Transmutation/Poison         4
   e - Invisibility                   Hexes                        6
 r - a book of Conjurations

   Spells                             Type                      Level
   a - Magic Dart                     Conjuration                  1
   b - Searing Ray                    Conjuration                  2
   c - Dazzling Spray                 Conjuration/Hexes            3
   d - Fulminant Prism                Conjuration/Hexes            4
   e - Iskenderun's Mystic Blast      Conjuration                  4
   f - Iskenderun's Battlesphere      Conjuration/Charms           5
 x - a book of the Earth

   Spells                             Type                      Level
   a - Leda's Liquefaction            Hexes/Earth                  4
   b - Bolt of Magma                  Conjuration/Fire/Earth       5
   c - Statue Form                    Transmutation/Earth          6
   d - Iron Shot                      Conjuration/Earth            6
   e - Shatter                        Earth                        9
Comestibles
 b - a beef jerky
 d - 5 bread rations
 i - 3 meat rations


   Skills:
 - Level 3.2 Fighting
 * Level 11.3 Axes
 - Level 3.2 Armour
 - Level 10.0 Shields


You had 9 spell levels left.
You didn't know any spells.

Dungeon Overview and Level Annotations

Branches:
Dungeon (7/15)             Temple (1/1) D:5

Altars:
Ashenzari
Cheibriados
Dithmenos
Elyvilon
Fedhas
Gozag
Kikubaaqudgha
Makhleb
Nemelex Xobeh
Okawaru
Qazlal
Ru
Sif Muna
Trog
Vehumet
Xom
Yredelemnul
Zin
The Shining One

Shops:
D:4 [   D:7 }

Annotations:
D:7 Dowan


Innate Abilities, Weirdness & Mutations

You are under a permanent stasis effect.
You can dig through walls and to a lower floor.
Your four strong arms can wield two-handed weapons with a shield.
You have a pair of large antennae on your head (SInv).


Message History

You closely miss Dowan.
Dowan is lightly wounded.
Dowan casts a spell at you. The shard of ice hits you!
You block Dowan's attack.
You barely miss Dowan.
Dowan is lightly wounded.
Dowan hits you with a dagger of freezing.
Dowan freezes you. You block Dowan's attack.
You slash Dowan!
Dowan is moderately wounded.
Dowan splashes around in the water.
Dowan points at you and mumbles some strange words.
You block the stone arrow.
You closely miss Dowan.
Dowan is moderately wounded.
Dowan casts a spell.
Dowan blinks!
Dowan casts a spell at you. The shard of ice hits you!
You die...

. . ###### #Y...
......### #!....
.........# #......
).... #.# #.......
.......#†###........
....(..).≈........>
..........@e....####
....................
...........∩...####
...............#
##............#
#............#
#............#
#............#########
#....................#


You could see Dowan.

Vanquished Creatures
  Pikel (D:7)
  The ghost of NewYearsCrawler the Chopper, an experienced FoFi (D:4)
  Eustachio (D:6)
  3 orc warriors (D:6)
  2 sky beasts
  2 phantoms
  A slave (D:7)
  2 centaurs (D:5)
  Duvessa (D:7)
  2 giant frogs (D:6)
  Blork the orc (D:6)
  5 wights (D:6)
  3 crimson imps (D:5)
  6 orc priests
  A giant frog zombie (D:6)
  2 hounds
  2 iguanas
  9 orc wizards
  4 worker ants
  6 adders
  11 gnolls
  A shadow imp (D:5)
  2 worms
  An adder skeleton (D:4)
  An ooze (D:2)
  32 orcs
  7 giant cockroaches
  12 hobgoblins
  A quokka (D:5)
  4 ball pythons
  11 bats
  3 giant geckos
  A giant gecko skeleton (D:4)
  2 giant newts (D:2)
  8 goblins
  7 jackals
  8 kobolds
  A quokka skeleton (D:6)
  9 rats
177 creatures vanquished.

Vanquished Creatures (others)
  An orc (D:5)
1 creature vanquished.

Grand Total: 178 creatures vanquished

Notes
Turn   | Place    | Note
--------------------------------------------------------------
     0 | D:1      | NewYearsCrawler, the Formicid Fighter, began the quest for the Orb.
     0 | D:1      | Reached XP level 1. HP: 18/18 MP: 1/1
   164 | D:1      | Reached skill level 4 in Shields
   355 | D:1      | Reached XP level 2. HP: 24/24 MP: 3/3
   617 | D:1      | Reached XP level 3. HP: 29/29 MP: 4/4
   874 | D:2      | Reached skill level 5 in Shields
   874 | D:2      | Reached XP level 4. HP: 33/35 MP: 5/5
  1105 | D:2      | Reached XP level 5. HP: 41/41 MP: 7/7
  1628 | D:2      | Found a shattered altar of Ashenzari.
  1628 | D:2      | Found a bloodstained altar of Trog.
  1630 | D:2      | Found a glowing silver altar of Zin.
  1631 | D:2      | Found a shadowy altar of Dithmenos.
  1641 | D:2      | Found a burning altar of Makhleb.
  1641 | D:2      | Found a snail-covered altar of Cheibriados.
  2191 | D:3      | Found an ancient bone altar of Kikubaaqudgha.
  2233 | D:3      | Reached skill level 6 in Shields
  2236 | D:3      | Reached XP level 6. HP: 42/47 MP: 8/8
  2251 | D:3      | Found an opulent altar of Gozag.
  2884 | D:4      | Noticed NewYearsCrawler's ghost (experienced FoFi)
  3115 | D:4      | Killed NewYearsCrawler's ghost
  3115 | D:4      | Reached skill level 5 in Axes
  3115 | D:4      | Reached skill level 7 in Shields
  3115 | D:4      | Reached XP level 7. HP: 15/52 MP: 9/9
  3265 | D:4      | Found Kuanwuci's Antique Armour Boutique.
  3623 | D:5      | Entered Level 5 of the Dungeon
  3683 | D:5      | Found a burning altar of Makhleb.
  3720 | D:5      | Reached skill level 8 in Shields
  3720 | D:5      | Reached XP level 8. HP: 32/58 MP: 11/11
  3770 | D:5      | Found a staircase to the Ecumenical Temple.
  3806 | Temple   | Entered the Ecumenical Temple
  3846 | Temple   | Became a worshipper of Warmaster Okawaru
  4077 | D:5      | Reached skill level 9 in Shields
  4379 | D:5      | Acquired Okawaru's first power
  5254 | D:6      | Reached XP level 9. HP: 58/64 MP: 12/12
  5404 | D:6      | Reached skill level 10 in Shields
  5642 | D:6      | Noticed Eustachio
  5672 | D:6      | Killed Eustachio
  6127 | D:6      | Noticed Blork the orc
  6132 | D:6      | Killed Blork the orc
  6352 | D:6      | Reached skill level 10 in Axes
  6590 | D:7      | Noticed Pikel
  6632 | D:7      | Killed Pikel
  6632 | D:7      | Reached skill level 11 in Axes
  6632 | D:7      | Reached XP level 10. HP: 28/70 MP: 13/13
  6896 | D:7      | Found Pra Blac's Gadget Boutique.
  6910 | D:7      | Noticed Duvessa
  6912 | D:7      | Noticed Dowan
  6921 | D:7      | Killed Duvessa
  6937 | D:7      | Killed from afar by Dowan

Action                   |  1- 3 |  4- 6 |  7- 9 | 10-12 || total
-------------------------+-------+-------+-------+-------++-------
Melee: War axe           |   114 |   151 |   398 |       ||   663
       Battleaxe         |       |       |    40 |    29 ||    69
 Abil: Dig               |       |     1 |     3 |       ||     4
  Use: Potion            |       |     2 |     6 |     1 ||     9
 Stab: Invisible         |       |       |     5 |       ||     5
  Eat: Chunk             |       |     7 |    13 |     1 ||    21
